 Dungeon Crawl Stone Soup version 0.25-a0-992-gca090100c3 (webtiles) character file.

Game seed: 1946025608354644749, levelgen mode: deterministic

58 Lanoc the Grasshopper (level 3, 0/30 HPs)
             Began as a Draconian Warper on May 10, 2020.
             Succumbed to an adder's poison
             ... on level 2 of the Dungeon.
             The game lasted 00:04:36 (2149 turns).

Lanoc the Grasshopper (Draconian Warper)            Turns: 2149, Time: 00:04:36

Health: 0/30       AC:  6    Str: 13    XL:     3   Next: 76%
Magic:  1/6        EV: 12    Int: 13    God:
Gold:   196        SH:  0    Dex: 11    Spells: 4/6 levels left

rFire    . . .     SeeInvis .   a - +0 spear
rCold    . . .     Gourm    .   (no shield)
rNeg     . . .     Faith    .   (armour unavailable)
rPois    .         Spirit   .   (helmet restricted)
rElec    .         Reflect  .   (no cloak)
rCorr    .         Harm     .   (no gloves)
MR       .....     Rnd*Tele +   g - +0 pair of boots
Stlth    +.........             (no amulet)
HPRegen  0.10/turn              j - ring of teleportation (curse)
MPRegen  0.10/turn              (no ring)

@: lethally poisoned (0 -> -7)
A: unfitting armour, cold-blooded, AC +5
a: no special abilities


You were on level 2 of the Dungeon.
You were very hungry.

You visited 1 branch of the dungeon, and saw 2 of its levels.

You collected 196 gold pieces.

Inventory:

Hand Weapons
 a - a +0 spear (weapon)
Armour
 g - a +0 pair of boots (worn)
Jewellery
 j - a cursed ring of teleportation (left hand)
Scrolls
 b - a scroll of remove curse {unknown}
 e - a scroll of random uselessness {unknown}
 i - a scroll of identify {unknown}
Comestibles
 f - 2 rations


   Skills:
 + Level 2.8 Fighting
 * Level 3.0 Polearms
 - Level 0.8 Throwing
 + Level 2.5 Dodging
 + Level 2.4 Spellcasting
 - Level 3.0 Translocations


You had 4 spell levels left.
You knew the following spells:

 Your Spells              Type           Power        Failure   Level  Hunger
a - Blink                 Tloc           N/A          11%         2    ###....

Your spell library contained the following spells:

 Spells                   Type           Power        Failure   Level  Hunger
 Shroud of Golubria       Chrm/Tloc      #.....       21%         2    ###....
 Gell's Gravitas          Tloc           #.........   22%         3    ###....
 Lesser Beckoning         Tloc           #.........   22%         3    ###....
 Teleport Other           Tloc           #.......     22%         3    ###....
 Passage of Golubria      Tloc           N/A          56%         4    #####..


Dungeon Overview and Level Annotations

Branches:
Dungeon (2/15)

Altars:


Innate Abilities, Weirdness & Mutations

Your plain brown scales are hard. (AC +5)
You cannot fit into any form of body armour.
You are cold-blooded and may be slowed by cold attacks.


Message History

* * * LOW HITPOINT WARNING * * *
You feel sick.
* * * LOW HITPOINT WARNING * * *
You feel sick.
* * * LOW HITPOINT WARNING * * *
You feel sick.
* * * LOW HITPOINT WARNING * * *
You feel sick.
* * * LOW HITPOINT WARNING * * *
You feel sick.
* * * LOW HITPOINT WARNING * * *
You feel sick.
* * * LOW HITPOINT WARNING * * *
You feel sick.
Casting: Blink (safe; 11% risk of failure)
Confirm with . or Enter, or press ? or * to list all spells.
You don't have enough magic to cast that spell.
* * * LOW HITPOINT WARNING * * *
You feel sick. The adder closely misses you.
You die...

♣.P.♣..♣.♣♣.... ...
.♣♣P.♣....PPP........ .
.....$..............#
#######.
#...................#
#.......
#.......÷.....g.....# #.....#
#####...<...##.w....# #.....#
#..[............# #.....#
#[......##......######.....##
#.......'..#@##.........♣.♣#.
#.......##.#.#########.(...#.
#.......##.S.......# ###♣.♣#.
#.......##.##.#.##.#####..##.
#....g..##g##.#.........♣.♣#.
#.......##.##.###.#######....
.....##.##.....######♣.♣..
........###..........#....
.....................♣.♣..


You could see a worm, an adder and 2 hobgoblins.

Vanquished Creatures
  An adder (D:1)
  A gnoll (D:1)
  An ooze (D:2)
  A worm (D:1)
  2 leopard geckos
  A giant cockroach (D:1)
  4 goblins (D:1)
  A hobgoblin (D:1)
  6 jackals
  3 kobolds (D:1)
  3 bats (D:1)
  2 frilled lizards (D:1)
  5 rats
31 creatures vanquished.

Vanquished Creatures (others)
  2 fungi (D:1)
  5 toadstools (D:1)
7 creatures vanquished.

Grand Total: 38 creatures vanquished

Notes
Turn   | Place    | Note
-------+----------+-------------------------------------------
     0 | D:1      | Lanoc the Draconian Warper began the quest for the Orb.
     0 | D:1      | Reached XP level 1. HP: 17/17 MP: 3/3
   436 | D:1      | Reached XP level 2. HP: 19/25 MP: 5/5
   789 | D:1      | Reached XP level 3. HP: 23/30 MP: 6/6
  1328 | D:1      | HP: 1/30 [adder (1)]
  1354 | D:1      | Learned a level 2 spell: Blink
  2147 | D:2      | HP: 1/30 [poisoned by an adder]
  2149 | D:2      | Succumbed to an adder's poison

Illustrated notes

Levels and vault maps discovered:
D:1:      dpeg_arrival_houses_and_road, layout_rooms, minmay_gold_behind_fungi,
          kennysheep_another_room
D:2:      layout_basic, serial_forest, infiniplex_forest_corner_1,
          infiniplex_forest_clump_medium, infiniplex_forest_clump_tiny,
          infiniplex_forest_lined_3, infiniplex_forest_side_room,
          infiniplex_forest_corner_1, infiniplex_forest_end_1,
          infiniplex_forest_corner_1, infiniplex_forest_clump_diagonal

Skill      XL: |  1  2  3 |
---------------+----------+-----
Polearms       | 3 |  3.0
Fighting       | |  2.8
Throwing       | |  0.8
Dodging        | |  2.5
Spellcasting   | |  2.4
Translocations | |  3.0

Action                   || total
-------------------------++-------
Melee: Spear             ||   227
       Tailslap          ||    18
Throw: Boomerang         ||     5
 Cast: Blink             ||     3
  Use: Scroll            ||     1
  Eat: Chunk             ||     3
Armor: Skin              ||    68
Dodge: Dodged            ||   134

Table legend:
 A = Non-vault XP
 B = Vault XP
 C = Vault XP percentage of total XP
 D = Non-vault monster count
 E = Vault monster count
 F = Vault count percentage of total count
                 A         B        C        D         E       F
            +---------+---------+-------+---------+---------+-------
      Total |      84 |       0 |   0.0 |      31 |       0 |   0.0
            +---------+---------+-------+---------+---------+-------
        D:1 |      69 |       0 |   0.0 |      26 |       0 |   0.0
        D:2 |      15 |       0 |   0.0 |       5 |       0 |   0.0
            +---------+---------+-------+---------+---------+-------
